 Dungeon Crawl Stone Soup version 0.25-a0-940-gc6eaff51cc (webtiles) character file.

Game seed: 18213210898054387196, levelgen mode: deterministic

429 kae the Chiller (level 6, -3/41 HPs)
             Began as a Merfolk Ice Elementalist on May 5, 2020.
             Slain by an ogre
             ... wielding a +0 giant club
              (27 damage)
             ... on level 5 of the Dungeon.
             The game lasted 00:04:34 (5687 turns).

kae the Chiller (Merfolk Ice Elementalist)          Turns: 5687, Time: 00:04:34

Health: -3/41      AC:  3    Str:  8    XL:     6   Next: 98%
Magic:  11/11      EV: 13    Int: 16    God:
Gold:   190        SH:  0    Dex: 15    Spells: 8/12 levels left

rFire    . . .     SeeInvis .   o - staff of cold
rCold    + . .     Gourm    .   (no shield)
rNeg     . . .     Faith    .   a - +1 robe
rPois    .         Spirit   .   (no helmet)
rElec    .         Reflect  .   (no cloak)
rCorr    .         Harm     .   (no gloves)
MR       .....                  (no boots)
Stlth    ++........             (no amulet)
HPRegen  0.13/turn              (no ring)
MPRegen  0.12/turn              (no ring)

@: about to teleport
A: change form in water, swift swim, stealthy swim
a: no special abilities


You were on level 5 of the Dungeon.
You were not hungry.

You visited 1 branch of the dungeon, and saw 5 of its levels.

You collected 190 gold pieces.

Inventory:

Hand Weapons
 n - a +0 whip
Armour
 a - a +1 robe (worn)
Magical Staves
 o - an uncursed staff of cold (weapon)
Jewellery
 g - an uncursed ring of fire {unknown}
Wands
 h - a wand of polymorph (6)
 l - a wand of random effects (25)
Scrolls
 m - a scroll of teleportation
 s - a scroll of fog
Potions
 b - a potion of haste
 d - 2 potions of degeneration
 e - a potion of heal wounds
 f - a potion of flight {unknown}
 k - 2 potions of curing
 p - a potion of ambrosia {unknown}
 r - a potion of stabbing {unknown}
 t - a potion of might {unknown}
Comestibles
 c - 8 rations


   Skills:
 - Level 2.6 Dodging
 - Level 2.1 Stealth
 + Level 3.9 Spellcasting
 * Level 7.5 Ice Magic
 + Level 1.4 Evocations


You had 8 spell levels left.
You knew the following spells:

 Your Spells              Type           Power        Failure   Level  Hunger
a - Freeze                Ice            ####         1%          1    None
b - Frozen Ramparts       Ice            #####.       2%          3    ###....

Your spell library contained the following spells:

 Spells                   Type           Power        Failure   Level  Hunger
 Ozocubu's Armour         Chrm/Ice       ###.....     11%         3    ###....
 Hailstorm                Conj/Ice       ###.....     34%         4    ####...
 Summon Ice Beast         Ice/Summ       ###.....     34%         4    ####...


Dungeon Overview and Level Annotations

Branches:
Dungeon (5/15)
 Temple: D:4-7

Altars:
Ashenzari
Fedhas
Gozag
Hepliaklqana
Xom
Zin
The Shining One

Shops:
D:4 :

Annotations:
D:4 exclusion: skeleton, Dowan, Duvessa
D:5 Grinder


Message History

The shadow imp is heavily wounded.
The shadow imp hits you. The shadow imp closely misses you.
You hit the shadow imp but do no damage.
The shadow imp is heavily wounded.
Grinder comes into view.
The shadow imp barely misses you.
You completely miss the shadow imp.
The shadow imp is heavily wounded.
The shadow imp completely misses you. The ogre barely misses you.
Grinder shouts!
You hit the shadow imp but do no damage.
The shadow imp is heavily wounded.
The shadow imp hits you but does no damage.
The ogre hits you with a +0 giant club!
Grinder blinks!
You are too injured to fight recklessly!
As you read the scroll of teleportation, it crumbles to dust.
You feel strangely unstable. The shadow imp misses you.
The ogre hits you with a +0 giant club!!
Ouch! That really hurt!
You die...

*,,,,,,,,,,,,,,,,,,,,,,
########*
*.............,,,,,,,,,
........*
*#............,,,,,,,,,
........*
#............,,,,,,,,,
........**
#............,,,,,,,,,
.†.......#
#............,,,,,,,,,
.........#
*#...5.......,,,,,,,,,
.........##
#...O.......,,,,,,,,,
..........#
#...@.......,,,,,,**,
..........#
#....5......,,,,,,***
..........###...........,,,,,**
..........##..#.........,,****
..........##.######....#***
.........###.# *#####
>......###...# ****
.####........# ***,,**
.............# **,,,,,*


You could see Grinder, an ogre and a shadow imp.

Vanquished Creatures
  A howler monkey (D:5)
  2 crimson imps
  A hound (D:4)
  An orc wizard (D:4)
  A bullfrog skeleton (D:4)
  Ijyb (D:3)
  Natasha (thrice) (D:3)
  A worker ant (D:4)
  A gnoll (D:1)
  An adder (D:4)
  An ooze (D:2)
  3 worms
  2 dart slugs
  A leopard gecko (D:2)
  4 orcs (D:4)
  2 ball pythons
  2 giant cockroaches
  12 goblins
  8 hobgoblins
  5 jackals
  4 kobolds
  3 quokkas
  7 bats
  3 frilled lizards
  3 rats (D:3)
73 creatures vanquished.

Notes
Turn   | Place    | Note
-------+----------+-------------------------------------------
     0 | D:1      | kae the Merfolk Ice Elementalist began the quest for the
                  | Orb.
     0 | D:1      | Reached XP level 1. HP: 13/13 MP: 3/3
     9 | D:1      | Noticed an electric eel
   291 | D:1      | Reached XP level 2. HP: 17/19 MP: 0/5
   448 | D:1      | Reached skill level 5 in Ice Magic
   649 | D:1      | Reached XP level 3. HP: 14/24 MP: 0/6
  1765 | D:2      | Learned a level 3 spell: Frozen Ramparts
  1846 | D:2      | Found a blossoming altar of Fedhas.
  1851 | D:2      | Found a glowing silver altar of Zin.
  1854 | D:2      | Found a shattered altar of Ashenzari.
  1857 | D:2      | Found a glowing golden altar of the Shining One.
  2651 | D:2      | Reached XP level 4. HP: 27/30 MP: 5/8
  3032 | D:3      | Noticed Natasha
  3043 | D:3      | Killed Natasha
  3183 | D:3      | Noticed Natasha
  3190 | D:3      | Killed Natasha
  3190 | D:3      | Reached skill level 6 in Ice Magic
  3190 | D:3      | Reached XP level 5. HP: 19/35 MP: 4/9
  3272 | D:3      | Noticed Natasha
  3281 | D:3      | Killed Natasha
  3547 | D:3      | Found an opulent altar of Gozag.
  3930 | D:3      | Noticed Ijyb
  3939 | D:3      | Killed Ijyb
  4201 | D:3      | Reached XP level 6. HP: 41/41 MP: 7/11
  4441 | D:4      | Found Weamal Funip's Book Emporium.
  4581 | D:4      | Reached skill level 7 in Ice Magic
  4839 | D:4      | Reached skill level 1 in Evocations
  5135 | D:4      | Found a shimmering altar of Xom.
  5165 | D:4      | Noticed Dowan
  5168 | D:4      | Noticed Duvessa
  5367 | D:5      | Entered Level 5 of the Dungeon
  5535 | D:5      | Found a hazy altar of Hepliaklqana.
  5684 | D:5      | Noticed Grinder
  5687 | D:5      | Slain by an ogre

Levels and vault maps discovered:
D:1:      arrival_aquarium_a, layout_loops_ring, serial_forest,
          infiniplex_forest_clump_double, infiniplex_forest_lined_room_,
          infiniplex_forest_zigzag_1, infiniplex_forest_clump_tiny,
          infiniplex_forest_side_room, infiniplex_forest_zigzag_1,
          infiniplex_forest_straight_4
D:2:      layout_basic, grunt_temple_overflow_cloverleaf
D:3:      layout_loops_ring, nicolae_overflow_crystal_walls, uniq_ijyb,
          uniq_natasha
D:4:      layout_basic, lemuel_round_altar, serial_shops, shop, first_ration,
          bh_walls_and_bars, uniq_duvessa
D:5:      layout_cave_pods, lemuel_round_altar, kennysheep_generic_room_11,
          uniq_grinder

Skill      XL: |  1  2  3  4  5  6 |
---------------+-------------------+-----
Ice Magic      | 5 6 7 |  7.5
Spellcasting   | 3 |  3.9
Evocations     | 1 |  1.4
Dodging        | |  2.6
Stealth        | |  2.1

Action                   |  1- 3 |  4- 6 || total
-------------------------+-------+-------++-------
Melee: Unarmed           |    34 |     1 ||    35
       Staff             |       |    26 ||    26
       Whip              |       |     1 ||     1
 Cast: Freeze            |    54 |    90 ||   144
  Use: Scroll            |     2 |    12 ||    14
 Stab: Sleeping          |       |     1 ||     1
  Eat: Chunk             |     5 |    10 ||    15
Armor: Robe              |    10 |     9 ||    19
Dodge: Dodged            |    41 |    69 ||   110

Table legend:
 A = Non-vault XP
 B = Vault XP
 C = Vault XP percentage of total XP
 D = Non-vault monster count
 E = Vault monster count
 F = Vault count percentage of total count
                 A         B        C        D         E       F
            +---------+---------+-------+---------+---------+-------
      Total |     539 |      74 |  12.1 |      71 |       2 |   2.7
            +---------+---------+-------+---------+---------+-------
        D:1 |      57 |       0 |   0.0 |      23 |       0 |   0.0
        D:2 |      33 |       0 |   0.0 |      13 |       0 |   0.0
        D:3 |     157 |      74 |  32.0 |      22 |       2 |   8.3
        D:4 |     238 |       0 |   0.0 |      12 |       0 |   0.0
        D:5 |      54 |       0 |   0.0 |       1 |       0 |   0.0
            +---------+---------+-------+---------+---------+-------
